 Dungeon Crawl Stone Soup version 0.29.1-12-g30fa7ad0bf (webtiles) character file.

Game seed: 5152779630413450868

436 Groucho the Insei (level 7, -2/45 HPs)
             Began as an Octopode Transmuter on Dec 17, 2022.
             Succumbed to a water moccasin's poison
             ... on level 5 of the Dungeon.
             The game lasted 00:09:05 (8530 turns).

Groucho the Insei (Octopode Transmuter)             Turns: 8530, Time: 00:09:05

Health: -2/45      AC:  1    Str:  8 (9)  XL:     7   Next: 1%
Magic:  11/11      EV: 14    Int: 16 (17) God:
Gold:   331        SH:  0    Dex: 13      Spells: 5/11 levels left

rFire   . . .      SeeInvis .     - Unarmed
rCold   . . .      Faith    .   (no shield)
rNeg    + . .      Spirit   .   (helmet currently unavailable)
rPois   .          Reflect  .   f - amulet of magic regeneration
rElec   .          Harm     .   o - ring of positive energy
rCorr   .          Rampage  .   (no ring)
Will    .....      Clarity  +   (no ring)
Stlth   +++.......              (no ring)
HPRegen 0.15/turn               (no ring)
MPRegen 0.52/turn               (no ring)
                                (no ring)
                                (no ring)

@: lethally poisoned (-2 -> -25), appendages (expiring)
A: tentacle spike 3, almost no armour, amphibious, 8 rings, camouflage 1,
gelatinous body 1, (nimble swimmer 1), tentacles, clarity, deterioration 1
a: End Transformation


You were on level 5 of the Dungeon.
One of your tentacles had grown a beastly spike.
You visited 1 branch of the dungeon, and saw 5 of its levels.

You collected 331 gold pieces.

Inventory:

Missiles
 b - 79 stones
 r - 6 boomerangs
Jewellery
 e - an amulet of faith
 f - an amulet of magic regeneration (around mantle)
 o - a ring of positive energy (left tentacle)
Wands
 l - a wand of quicksilver (7)
 n - a wand of roots (4)
Scrolls
 d - a scroll of summoning {unknown}
 i - 9 scrolls of identify {unknown}
 j - 2 scrolls of enchant armour {unknown}
 k - 3 scrolls of teleportation {unknown}
 p - a scroll of torment {unknown}
 q - a scroll of enchant weapon {unknown}
 s - 2 scrolls of poison {unknown}
Potions
 a - a potion of lignification
 c - 2 potions of brilliance
 t - a potion of mutation


   Skills:
 + Level 2.3 Fighting
 + Level 3.1 Dodging
 * Level 4.0 Stealth
 * Level 4.2 Unarmed Combat
 + Level 2.9 Spellcasting
 * Level 3.6 Transmutations
 + Level 1.8 Poison Magic


You had 5 spell levels left.
You knew the following spells:

 Your Spells              Type           Power      Damage    Failure   Level
a - Beastly Appendage     Tmut           26%        N/A       4%          1
b - Wereblood             Tmut           13%        N/A       6%          2
c - Spider Form           Tmut/Pois      10%        N/A       19%         3

Your spell library contained the following spells:

 Spells                   Type           Power      Damage    Failure   Level
 Ice Form                 Ice/Tmut       8%         N/A       65%         4


Dungeon Overview and Level Annotations

Branches:
Dungeon (5/15)
 Temple: D:4-7

Altars:
Cheibriados
Gozag
Hepliaklqana
Wu Jian

Shops:
D:3 *


Innate Abilities, Weirdness & Mutations

One of your tentacles has grown a beastly spike.
You cannot wear most types of armour.
You are amphibious.
You can wear up to eight rings at the same time.
Your skin changes colour to match your surroundings (Stealth+).
Your rubbery body absorbs attacks. (AC +1, EV +1)
((You are camouflaged when in or above water. (Stealth+)))
You have tentacles for arms and can constrict up to eight enemies at once.
You possess an exceptional clarity of mind.
Your body sometimes deteriorates upon taking damage.


Message History

The water moccasin is moderately wounded.
The water moccasin bites you!
You are poisoned.
The water moccasin poisons you!
Unknown command.
You miss the water moccasin. Your grab misses the water moccasin.
The water moccasin is moderately wounded.
You feel very sick. The water moccasin barely misses you.
You tentacle-slap the water moccasin but do no damage.
You grab the water moccasin.
The water moccasin is moderately wounded.
Your transformation is almost over.
You constrict the water moccasin, but do no damage.
You feel sick. The water moccasin bites you. x2
You are more poisoned.
The water moccasin poisons you!
Unknown command.
You release your grip on the water moccasin.
You feel very sick.
You see here a scroll labelled XUIDUM RUIM.
i - 9 scrolls labelled XUIDUM RUIM (gained 1)
You feel very sick. The water moccasin barely misses you.
The water moccasin attacks as you move away!
The water moccasin misses you.
You feel very sick. The water moccasin closely misses you.
Okay, then.
It was a potion of magic.
Magic courses through your body.
* * * LOW HITPOINT WARNING * * *
You feel very sick.
The water moccasin completely misses you.
Unknown command.
The water moccasin attacks as you move away!
The water moccasin bites you!
* * * LOW HITPOINT WARNING * * *
Your body deteriorates!
You feel dopey.
You are more poisoned.
The water moccasin poisons you!
You die...

.# ..# #..# #..##
#### ...### #..
###...# #.# ##
##.....######.#..#
#....).S.@><.<...#
#..#.######..######
........ ####..####
...# ##.## #'# ...


You could see a water moccasin.

Vanquished Creatures
  A phantom (D:4)
  A scorpion (D:4)
  A howler monkey (D:4)
  A hound (D:4)
  An orc priest (D:5)
  An iron imp (D:3)
  3 orc wizards
  4 adders
  3 dart slugs
  8 orcs
  2 endoplasms
  2 giant cockroaches
  3 goblins
  7 hobgoblins
  2 quokkas
  5 ball pythons
  5 bats
  4 frilled lizards
  5 kobolds
  4 rats
63 creatures vanquished.

Notes
Turn   | Place    | Note
-------+----------+-------------------------------------------
     0 | D:1      | Groucho the Octopode Transmuter began the quest for the
                  | Orb.
     0 | D:1      | Reached XP level 1. HP: 13/13 MP: 3/3
   554 | D:1      | Reached XP level 2. HP: 7/18 MP: 1/5
  3112 | D:2      | Reached skill level 1 in Stealth
  3112 | D:2      | Reached XP level 3. HP: 22/23 MP: 6/6
  3355 | D:2      | Found a faded altar of an unknown god.
  3435 | D:2      | Learned a level 2 spell: Wereblood
  3439 | D:2      | Learned a level 3 spell: Spider Form
  3470 | D:2      | Reached XP level 4. HP: 16/28 MP: 7/7
  4373 | D:3      | Found Gozag's Platinum Reserve.
  4376 | D:3      | Found an opulent altar of Gozag.
  4608 | D:3      | Found a snail-covered altar of Cheibriados.
  4856 | D:3      | Found a hazy altar of Hepliaklqana.
  5039 | D:4      | Reached XP level 5. HP: 21/34 MP: 8/8
  5276 | D:4      | Noticed a phantom
  5556 | D:4      | Reached skill level 1 in Poison Magic
  5925 | D:4      | Killed a phantom
  5926 | D:4      | Reached XP level 6. HP: 16/39 MP: 8/10
  6450 | D:4      | Found an ornate altar of the Wu Jian Council.
  6626 | D:5      | Entered Level 5 of the Dungeon
  6676 | D:4      | Gained mutation: Your body sometimes deteriorates upon
                  | taking damage. [potion of mutation]
  6676 | D:4      | Gained mutation: You possess an exceptional clarity of
                  | mind. [potion of mutation]
  6678 | D:4      | HP: 1/58 [something/puff of flame (8)]
  7735 | D:4      | Reached XP level 7. HP: 6/45 MP: 11/11
  8530 | D:5      | Succumbed to a water moccasin's poison

Illustrated notes

Levels and vault maps discovered:
D:1:      erik_arrival_blinker_ship, layout_basic, reono_crystal_passage
D:2:      layout_basic, hellmonk_ecumenical_altar_zigzags
D:3:      layout_rooms, nicolae_gozag_zags_fifth_avenue, slow_altar_1,
          nzn_hepliaklqana_mist_gate, wander_ebering_terrifying_dragon_lair
D:4:      layout_rooms, nzn_wu_jian_contemplation, minmay_pentomino_pile
D:5:      layout_basic, tso_metal_star, kennysheep_mini

Skill      XL: |  1  2  3  4  5  6 |
---------------+-------------------+-----
Stealth        | 1 2 3 4 |  4.0
Transmutations | 3 |  3.6
Fighting       | 2 |  2.3
Poison Magic   | 1 |  1.8
Dodging        | 3 |  3.1
Unarmed Combat | 4 |  4.2
Spellcasting   | |  2.9

Action                   |  1- 3 |  4- 6 |  7- 9 || total
-------------------------+-------+-------+-------++-------
Melee: Unarmed           |    82 |   113 |     5 ||   200
       Constrict         |    22 |    24 |     1 ||    47
       Kick              |     8 |    26 |     2 ||    36
       Tentacles         |     8 |    29 |       ||    37
       Punch             |     3 |     7 |       ||    10
 Cast: Beastly Appendage |     7 |    14 |     1 ||    22
       Wereblood         |       |     1 |       ||     1
  Use: Potion            |       |     6 |     1 ||     7
 Stab: Sleeping          |     6 |     5 |     1 ||    12
       Distracted        |       |     1 |       ||     1
Armor: Skin              |     6 |     7 |       ||    13
Dodge: Dodged            |    61 |    56 |     8 ||   125
